AoeStats
← LupusLobo

Scandinavia

510362362Analyzed
1v1 RM · 1d ago on Sep 30, 2026· 42m 57s· 2 players
Game mode
Random Map
Map size
Tiny (2 player)
Population
200
Speed
Normal
Resources
Standard
Victory
Conquest
Starting age
Dark Age
Ending age
Imperial Age
RankedLock teamsTeams togetherTeam positionsShared explorationLock speedFull tech treeHidden civsTurbo modeCheats
Victory
Defeat
🇦🇷 Vietnamese · Argentina
1450
+15
🇵🇹 Bulgarians · Portugal
1432
-15
HellHound
8:23 Loom
10:25 Feudal Age
17:49 Castle Age
15:59 Scale Barding Armor
16:00 Double-Bit Axe
17:03 Bloodlines
18:03 Forging
24:12 Chain Barding Armor
25:10 Medium Warships
33:03 Fletching
37:17 Imperial Age
36:03 Husbandry
36:56 Iron Casting
40:55 Bow Saw
41:19 Onager
42:19 Cavalier
43:37 Plate Barding Armor
44:03 Blast Furnace
LupusLobo
6:28 Loom
9:27 Feudal Age
10:17 Double-Bit Axe
16:04 Fletching
20:06 Castle Age
18:28 Fishing Lines
19:19 Scale Mail Armor
19:52 Horse Collar
20:30 Crossbowman
21:23 Fishing Lines
22:59 Bodkin Arrow
24:00 Wheelbarrow
23:56 Padded Archer Armor
24:00 Pikeman
26:35 Medium Warships
26:18 Gillnets
33:17 Ballistics
33:25 Gold Mining
39:15 Imperial Age
39:12 Chain Mail Armor
40:06 Bracer
41:08 Chemistry
39:34 Arbalester
41:19 Leather Archer Armor
41:09 Town Watch
42:34 Ring Archer Armor
43:43 Paper Money
43:28 Squires
Connection lost

Rejoining the realm…

Still unreachable

The connection could not be restored.

Session expired

The server has moved on; the page needs a fresh start.